Admirals vs Marlies

Created - January 26, 2025 at 23:13

Goals
1 2 3 T
Admirals 1 2 1 4
Marlies 1 1 0 2
Shots
1 2 3 T
Admirals 7 9 7 23
Marlies 8 16 11 35

1st period

1. Marlies , Mathieu Olivier 15 (Tyler Benson 17, Keaton Thompson 5) at 12:11
2. Admirals , Lucas Wallmark 13 (Mathieu Joseph 28) at 15:50 (SH)

Penalties :
Mark McNeill (Mil) for Cross-checking (Minor) at 15:39, Isac Lundestrom (Tor) for Tripping (Minor) at 19:09

2nd period

3. Marlies , Alex Formenton 10 (Isac Lundestrom 3) at 4:36
4. Admirals , Mark McNeill 24 (Olli Juolevi 26, Lucas Wallmark 16) at 11:05
5. Admirals , Riley Barber 9 (Ryan Olsen 1) at 13:55

Penalties :
Olli Juolevi (Mil) for Hooking (Minor) at 14:08

3rd period

6. Admirals , Mark McNeill 25 (Riley Barber 10) at 2:06

Penalties :
Ian Mitchell (Mil) for Roughing (Minor) at 0:03, Keaton Thompson (Tor) for Tripping (Minor) at 3:57

Goalie Stats

Felix Sanstrom (Mil), 33 saves from 35 shots - (0.943), W, 16-7-3, 60:00 minutes
Logan Thompson (Tor), 13 saves from 17 shots - (0.765), L, 10-11-2, 42:06 minutes
Maxime Lagace (Tor), 6 saves from 6 shots - (1.000), 17:54 minutes

Players Stats for Admirals

Player Name              G  A  P  +/- PIM S  H  SB GA TA FO     MP     PP MP  PK MP  
------------------------------------------------------------------------------------
Carl Dahlstrom           0  0  0   0  0   0  0  1  0  0  0/0     7:19   0:00   1:58 
Christian Djoos          0  0  0   1  0   0  1  0  0  0  0/0    10:54   0:00   1:12 
Hunter Shinkaruk         0  0  0   0  0   0  1  2  0  0  0/0    13:21   1:39   0:57 
Ian Mitchell             0  0  0   1  2   1  0  0  0  0  0/0    23:35   1:59   2:30 
Josh Norris              0  0  0  -1  0   2  1  0  1  0  14/30  20:12   2:12   0:22 
Josh Wesley              0  0  0  -1  0   1  0  0  0  0  0/0     6:25   0:00   1:08 
Kasper Bjorkqvist        0  0  0   0  0   0  2  0  1  0  0/0    10:41   0:10   0:00 
Lucas Wallmark           1  1  2   1  0   3  2  1  1  1  10/22  19:21   1:39   3:23 
Mark McNeill             2  0  2   1  2   3  3  1  0  0  0/0    17:01   1:39   1:00 
Mathieu Joseph           0  1  1   0  0   3  1  0  0  1  1/2    23:05   2:12   3:12 
Milos Kelemen            0  0  0   1  0   0  0  0  0  0  0/0     7:33   0:00   0:00 
Nolan Vesey              0  0  0  -1  0   4  2  0  0  0  2/2    21:10   2:16   1:23 
Olli Juolevi             0  1  1   2  2   1  2  1  0  0  0/0    19:08   1:59   1:07 
Pavol Regenda            0  0  0   0  0   1  0  0  1  0  0/0    14:14   0:00   0:00 
Reilly Walsh             0  0  0   0  0   1  2  2  0  2  0/0    25:01   1:59   3:59 
Riley Barber             1  1  2   2  0   1  0  0  0  0  0/0     9:24   0:07   1:37 
Ruslan Iskhakov          0  0  0   0  0   0  1  0  0  0  1/3    10:23   0:00   0:00 
Ryan Olsen               0  1  1   1  0   1  0  0  0  0  0/3     7:33   0:00   0:00 
Sean Durzi               0  0  0   1  0   0  1  0  0  0  0/0     9:42   0:00   0:00 
Tobias Bjornfot          0  0  0   1  0   1  1  1  0  1  0/0    17:58   1:59   0:00 

Players Stats for Marlies

Player Name              G  A  P  +/- PIM S  H  SB GA TA FO     MP     PP MP  PK MP  
------------------------------------------------------------------------------------
Aleksi Saarela           0  0  0  -2  0   4  3  0  0  0  13/29  23:45   3:12   2:17 
Alex Formenton           1  0  1   1  0   3  1  0  0  0  0/0    14:54   2:45   0:39 
Dennis Gilbert           0  0  0   1  0   0  0  0  0  0  0/0    11:03   0:00   0:00 
Dmitri Samorukov         0  0  0   1  0   0  0  0  0  1  0/0    11:47   0:00   0:44 
Isac Lundestrom          0  1  1   1  2   1  4  0  0  0  6/9    11:09   0:00   0:06 
Jakob Forsbacka-Karlsson 0  0  0   0  0   2  0  0  0  0  2/2     6:25   0:00   0:00 
Joel Farabee             0  0  0   0  0   3  1  2  1  0  1/3    18:05   0:00   0:00 
Jonathan Davidsson       0  0  0   0  0   0  0  0  0  0  1/1     8:28   0:00   0:47 
Keaton Thompson          0  1  1  -2  2   0  1  0  0  0  0/0    20:19   2:37   1:07 
Kole Sherwood            0  0  0   1  0   0  0  0  0  1  0/0     5:33   0:00   0:00 
Lucas Carlsson           0  0  0  -2  0   1  0  1  0  1  0/0    21:03   2:37   1:51 
Martin Necas             0  0  0  -2  0   6  4  1  2  0  2/3    23:16   3:12   0:55 
Mathieu Olivier          1  0  1  -1  0   3  4  0  0  0  0/1    17:50   2:45   0:55 
Matthew Highmore         0  0  0  -1  0   1  1  0  0  0  9/13   16:32   2:45   0:00 
Otto Koivula             0  0  0  -1  0   2  2  0  0  0  0/0    10:51   0:02   0:00 
Pierre-Olivier Joseph    0  0  0  -1  0   2  1  2  1  1  0/0    27:54   3:20   2:07 
Rasmus Dahlin            0  0  0  -1  0   5  2  1  0  0  0/0    27:54   3:20   2:07 
Tyler Benson             0  1  1  -2  0   2  1  1  1  0  0/1    19:12   3:10   2:17 

3 Stars

1 - Mark McNeill (Mil)
2 - Lucas Wallmark (Mil)
3 - Riley Barber (Mil)

Power Play

Admirals - 0 on 2 Attempt(s) - 0.00%
Marlies - 0 on 3 Attempt(s) - 0.00%

Penalty Kill

Admirals - 3 on 3 Attempt(s) - 100.00% - Score 1 goal in Penalty Kill
Marlies - 2 on 2 Attempt(s) - 100.00% - Score 0 goal in Penalty Kill

Team Stat

Admirals - Hits : 20 - Faceoff Wins : 28 - Blocked Shots : 9 - Penalty Minutes : 6
Marlies - Hits : 25 - Faceoff Wins : 34 - Blocked Shots : 8 - Penalty Minutes : 4

Official

Referees : Kevin Pollock and Chris Lee
Linesman : Travis Gawryletz and Ryan Gibbons

Game Notes

Kole Sherwood is injured at 7:36 of 2nd period (Right Wrist)
Maxime Lagace enters game at 2:06 of 3rd period

Finance

Level 1 -- Attendance: 2000 (100.00%) -- Ticket Income $140,000
Level 2 -- Attendance: 834 (83.40%) -- Ticket Income $33,360
Total Attendance: 2834 (94.47%)
Total Ticket Income: $173,360
Other Income: $8,668
Total Income: $182,028

Admirals

5 vs 5 Forward 
   Center                   Left Wing                Right Wing               Time % Phy DF OF 
 1 Josh Norris              Nolan Vesey              Mathieu Joseph           40     1   2  2  
 2 Lucas Wallmark           Pavol Regenda            Mark McNeill             30     1   2  2  
 3 Ruslan Iskhakov          Hunter Shinkaruk         Kasper Bjorkqvist        20     1   2  2  
 4 Ryan Olsen               Milos Kelemen            Riley Barber             10     1   2  2  

5 vs 5 Defense 
   Defense                  Defense                                           Time % Phy DF OF 
 1 Reilly Walsh             Ian Mitchell                                      40     1   2  2  
 2 Olli Juolevi             Tobias Bjornfot                                   30     1   2  2  
 3 Christian Djoos          Sean Durzi                                        20     1   2  2  
 4 Carl Dahlstrom           Josh Wesley                                       10     1   2  2  

PowerPlay Forward 
   Center                   Left Wing                Right Wing               Time % Phy DF OF 
 1 Josh Norris              Nolan Vesey              Mathieu Joseph           60     1   2  2  
 2 Lucas Wallmark           Hunter Shinkaruk         Mark McNeill             40     1   2  2  

PowerPlay Defense
   Defense                  Defense                                           Time % Phy DF OF 
 1 Reilly Walsh             Ian Mitchell                                      60     1   2  2  
 2 Olli Juolevi             Tobias Bjornfot                                   40     1   2  2  

Penalty Kill 4 Players Forward 
   Center                   Wing                     Time % Phy DF OF 
 1 Lucas Wallmark           Mathieu Joseph           60     1   2  2  
 2 Mark McNeill             Riley Barber             40     1   2  2  

Penalty Kill 4 Players Defense
   Defense                  Defense                  Time % Phy DF OF 
 1 Reilly Walsh             Ian Mitchell             60     1   2  2  
 2 Olli Juolevi             Carl Dahlstrom           40     1   2  2  

Penalty Kill - 3 Players Forward 
   Forward                                           Time % Phy DF OF 
 1 Mathieu Joseph                                    60     1   2  2  
 2 Mark McNeill                                      40     1   2  2  

Penalty Kill - 3 Players Defense
   Defense                  Defense                  Time % Phy DF OF 
 1 Reilly Walsh             Ian Mitchell             60     1   2  2  
 2 Olli Juolevi             Carl Dahlstrom           40     1   2  2  

4 vs 4 Forward 
   Center                   Wing                     Time % Phy DF OF 
 1 Josh Norris              Mathieu Joseph           60     1   2  2  
 2 Lucas Wallmark           Hunter Shinkaruk         40     1   2  2  

4 vs 4 Defense
   Defense                  Defense                  Time % Phy DF OF 
 1 Reilly Walsh             Ian Mitchell             60     1   2  2  
 2 Olli Juolevi             Tobias Bjornfot          40     1   2  2  

Last Minutes Offensive
   Center                   Left Wing                Right Wing               Defense                  Defense                  
   Josh Norris              Hunter Shinkaruk         Mathieu Joseph           Olli Juolevi             Ian Mitchell             

Last Minutes Defensive
   Center                   Left Wing                Right Wing               Defense                  Defense                  
   Lucas Wallmark           Hunter Shinkaruk         Mathieu Joseph           Reilly Walsh             Olli Juolevi             

Goaltenders
Starting : Felix Sanstrom           
Backup : Tristan Jarry            

Extra Forwards
Normal : Hunter Shinkaruk, Kasper Bjorkqvist, Riley Barber - PP : Hunter Shinkaruk, Kasper Bjorkqvist - PK : Nolan Vesey
Extra Defensemen
Normal : Olli Juolevi, Carl Dahlstrom, Josh Wesley - PP : Sean Durzi - PK : Christian Djoos, Josh Wesley
Penalty Shots
Hunter Shinkaruk, Josh Norris, Mathieu Joseph, Mark McNeill, Pavol Regenda
Custom OT Lines Forwards
Mathieu Joseph, Josh Norris, Mark McNeill, Hunter Shinkaruk, Lucas Wallmark, Kasper Bjorkqvist, Pavol Regenda, Riley Barber, Nolan Vesey, Milos Kelemen
Custom OT Lines Defensemen
Olli Juolevi, Reilly Walsh, Ian Mitchell, Tobias Bjornfot, Christian Djoos

Scratches
Bokondji Imama (Healthy), Joni Ikonen (Healthy), Filip Chlapik (Healthy), Grant Hutton (Healthy), Sergei Zborovskiy (Healthy)
Troy Bourke (Healthy), Carsen Twarynski (Healthy), Drew O'Connor (Healthy), Libor Hajek (Healthy), Gerald Mayhew (Healthy)
Mark Kastelic (Healthy), Henry Thrun (Healthy), Patrick Moynihan (Healthy), Jack Malone (Healthy), Sean Maguire (Healthy)

Marlies

5 vs 5 Forward 
   Center                   Left Wing                Right Wing               Time % Phy DF OF 
 1 Aleksi Saarela           Joel Farabee             Martin Necas             40     1   2  2  
 2 Matthew Highmore         Tyler Benson             Mathieu Olivier          30     1   2  2  
 3 Isac Lundestrom          Alex Formenton           Kole Sherwood            20     1   2  2  
 4 Jakob Forsbacka-Karlsson Otto Koivula             Jonathan Davidsson       10     1   2  2  

5 vs 5 Defense 
   Defense                  Defense                                           Time % Phy DF OF 
 1 Pierre-Olivier Joseph    Rasmus Dahlin                                     40     1   2  2  
 2 Keaton Thompson          Lucas Carlsson                                    30     1   2  2  
 3 Dennis Gilbert           Dmitri Samorukov                                  20     1   2  2  
 4 Pierre-Olivier Joseph    Rasmus Dahlin                                     10     1   2  2  

PowerPlay Forward 
   Center                   Left Wing                Right Wing               Time % Phy DF OF 
 1 Aleksi Saarela           Tyler Benson             Martin Necas             60     1   2  2  
 2 Matthew Highmore         Alex Formenton           Mathieu Olivier          40     1   2  2  

PowerPlay Defense
   Defense                  Defense                                           Time % Phy DF OF 
 1 Pierre-Olivier Joseph    Rasmus Dahlin                                     60     1   2  2  
 2 Lucas Carlsson           Keaton Thompson                                   40     1   2  2  

Penalty Kill 4 Players Forward 
   Center                   Wing                     Time % Phy DF OF 
 1 Aleksi Saarela           Tyler Benson             60     1   2  2  
 2 Martin Necas             Mathieu Olivier          40     1   2  2  

Penalty Kill 4 Players Defense
   Defense                  Defense                  Time % Phy DF OF 
 1 Pierre-Olivier Joseph    Rasmus Dahlin            60     1   2  2  
 2 Keaton Thompson          Lucas Carlsson           40     1   2  2  

Penalty Kill - 3 Players Forward 
   Forward                                           Time % Phy DF OF 
 1 Aleksi Saarela                                    60     1   2  2  
 2 Tyler Benson                                      40     1   2  2  

Penalty Kill - 3 Players Defense
   Defense                  Defense                  Time % Phy DF OF 
 1 Pierre-Olivier Joseph    Rasmus Dahlin            60     1   2  2  
 2 Lucas Carlsson           Keaton Thompson          40     1   2  2  

4 vs 4 Forward 
   Center                   Wing                     Time % Phy DF OF 
 1 Aleksi Saarela           Tyler Benson             60     1   2  2  
 2 Martin Necas             Mathieu Olivier          40     1   2  2  

4 vs 4 Defense
   Defense                  Defense                  Time % Phy DF OF 
 1 Pierre-Olivier Joseph    Rasmus Dahlin            60     1   2  2  
 2 Lucas Carlsson           Keaton Thompson          40     1   2  2  

Last Minutes Offensive
   Center                   Left Wing                Right Wing               Defense                  Defense                  
   Aleksi Saarela           Tyler Benson             Martin Necas             Pierre-Olivier Joseph    Rasmus Dahlin            

Last Minutes Defensive
   Center                   Left Wing                Right Wing               Defense                  Defense                  
   Aleksi Saarela           Tyler Benson             Martin Necas             Pierre-Olivier Joseph    Rasmus Dahlin            

Goaltenders
Starting : Logan Thompson           
Backup : Maxime Lagace            

Extra Forwards
Normal : Otto Koivula, Martin Necas, Jonathan Davidsson - PP : Otto Koivula, Kole Sherwood - PK : Jonathan Davidsson
Extra Defensemen
Normal : Dennis Gilbert, Dmitri Samorukov, Lucas Carlsson - PP : Dennis Gilbert - PK : Dmitri Samorukov, Lucas Carlsson
Penalty Shots
Aleksi Saarela, Tyler Benson, Martin Necas, Mathieu Olivier, Alex Formenton
Custom OT Lines Forwards
Aleksi Saarela, Tyler Benson, Martin Necas, Mathieu Olivier, Alex Formenton, Joel Farabee, Kole Sherwood, Matthew Highmore, Otto Koivula, Jakob Forsbacka-Karlsson
Custom OT Lines Defensemen
Pierre-Olivier Joseph, Rasmus Dahlin, Keaton Thompson, Dennis Gilbert, Dmitri Samorukov

Scratches
Lias Andersson (Left Hip Injury), Jonathan Gruden (Healthy), Jacob Bernard-Docker (Healthy), Xavier Bernard (Healthy), Hugh McGing (Healthy)
Jan Jenik (Healthy), Blake Murray (Healthy), Vasili Podkolzin (Healthy), Samuel Fagemo (Healthy), Arthur Kaliyev (Healthy)
Veini Vehvilainen (Healthy), Matthew Thiessen (Healthy)

% Time on Ice - Admirals

Lines # - Real PCT - Wanted PCT - Time Play
Normal Forward
1 - 36% - 40% - 17:49
2 - 29% - 30% - 14:20
3 - 21% - 20% - 10:23
4 - 15% - 10% - 7:33
Normal Defense
1 - 38% - 40% - 19:03
2 - 32% - 30% - 16:03
3 - 19% - 20% - 9:42
4 - 11% - 10% - 5:17
PP Forward
1 - 58% - 60% - 2:19
2 - 42% - 40% - 1:39
PP Defense
1 - 50% - 60% - 1:59
2 - 50% - 40% - 1:59
PK Forward
1 - 73% - 60% - 4:20
2 - 27% - 40% - 1:37
PK Defense
1 - 67% - 60% - 3:59
2 - 33% - 40% - 1:58
PK3 Forward
1 - 0% - 60%
2 - 0% - 40%
PK3 Defense
1 - 0% - 60%
2 - 0% - 40%
44 Forward
1 - 0% - 60%
2 - 0% - 40%
44 Defense
1 - 0% - 60%
2 - 0% - 40%
Last Minute Offensive  - 0:00
Last Minute Defensive  - 0:00
Total
Forward - 60:00
Defense - 60:00

% Time on Ice - Marlies

Lines # - Real PCT - Wanted PCT - Time Play
Normal Forward
1 - 37% - 40% - 18:38
2 - 28% - 30% - 14:10
3 - 22% - 20% - 10:52
4 - 13% - 10% - 6:25
Normal Defense
1 - 40% - 40% - 19:53
2 - 33% - 30% - 16:35
3 - 22% - 20% - 11:03
4 - 5% - 10% - 2:34
PP Forward
1 - 54% - 60% - 3:12
2 - 46% - 40% - 2:45
PP Defense
1 - 56% - 60% - 3:20
2 - 44% - 40% - 2:37
PK Forward
1 - 77% - 60% - 3:03
2 - 23% - 40% - 0:55
PK Defense
1 - 53% - 60% - 2:07
2 - 47% - 40% - 1:51
PK3 Forward
1 - 0% - 60%
2 - 0% - 40%
PK3 Defense
1 - 0% - 60%
2 - 0% - 40%
44 Forward
1 - 0% - 60%
2 - 0% - 40%
44 Defense
1 - 0% - 60%
2 - 0% - 40%
Last Minute Offensive  - 0:00
Last Minute Defensive  - 0:00
Total
Forward - 60:00
Defense - 60:00

Play-by-Play

1st period


0:01 of 1st period - Josh Norris wins face-off versus Aleksi Saarela in neutral zone.
0:10 of 1st period - Wrist shot by Nolan Vesey.
0:10 of 1st period - Shot Blocked by Joel Farabee.
0:37 of 1st period - Wrist shot by Tyler Benson.
0:37 of 1st period - Shot Misses the Net.
1:13 of 1st period - Snap shot by Otto Koivula.
1:13 of 1st period - Stopped by Felix Sanstrom without a rebound.
1:14 of 1st period - Aleksi Saarela wins face-off versus Ryan Olsen in Admirals zone.
2:24 of 1st period - Snap shot by Kasper Bjorkqvist.
2:24 of 1st period - Shot Misses the Net.
2:42 of 1st period - Snap shot by Josh Norris.
2:42 of 1st period - Shot Misses the Net.
2:44 of 1st period - Slapshot by Nolan Vesey.
2:44 of 1st period - Shot Blocked by Pierre-Olivier Joseph.
3:00 of 1st period - Carl Dahlstrom is hit by Tyler Benson and loses puck.
3:09 of 1st period - Slapshot by Josh Wesley.
3:09 of 1st period - Stopped by Logan Thompson without a rebound.
3:10 of 1st period - Matthew Highmore wins face-off versus Josh Norris in Marlies zone.
3:23 of 1st period - Snap shot by Mathieu Joseph.
3:23 of 1st period - Stopped by Logan Thompson with a rebound.
3:47 of 1st period - Snap shot by Martin Necas.
3:47 of 1st period - Stopped by Felix Sanstrom without a rebound.
3:48 of 1st period - Ruslan Iskhakov wins face-off versus Isac Lundestrom in Admirals zone.
3:53 of 1st period - Kole Sherwood is hit by Ruslan Iskhakov and loses puck.
4:14 of 1st period - Rasmus Dahlin is hit by Mark McNeill and loses puck.
5:07 of 1st period - Wrist shot by Riley Barber.
5:07 of 1st period - Shot Blocked by Lucas Carlsson.
5:09 of 1st period - Slapshot by Reilly Walsh.
5:09 of 1st period - Shot Misses the Net.
5:30 of 1st period - Slapshot by Jakob Forsbacka-Karlsson.
5:30 of 1st period - Shot Blocked by Hunter Shinkaruk.
6:26 of 1st period - Riley Barber is hit by Isac Lundestrom and loses puck.
6:33 of 1st period - Josh Wesley is hit by Isac Lundestrom and loses puck.
9:05 of 1st period - Lucas Wallmark is hit by Rasmus Dahlin and loses puck.
9:25 of 1st period - Wrist shot by Hunter Shinkaruk.
9:25 of 1st period - Shot Misses the Net.
9:36 of 1st period - Icing by Christian Djoos.
9:37 of 1st period - Josh Norris wins face-off versus Aleksi Saarela in Admirals zone.
9:42 of 1st period - Snap shot by Aleksi Saarela.
9:42 of 1st period - Shot Misses the Net.
10:18 of 1st period - Snap shot by Aleksi Saarela.
10:18 of 1st period - Shot Misses the Net.
10:20 of 1st period - Snap shot by Martin Necas.
10:20 of 1st period - Stopped by Felix Sanstrom with a rebound.
10:22 of 1st period - Wrist shot by Aleksi Saarela.
10:22 of 1st period - Shot Blocked by Hunter Shinkaruk.
10:24 of 1st period - Wrist shot by Aleksi Saarela.
10:24 of 1st period - Stopped by Felix Sanstrom with a rebound.
10:50 of 1st period - Snap shot by Joel Farabee.
10:50 of 1st period - Shot Blocked by Tobias Bjornfot.
10:52 of 1st period - Slapshot by Martin Necas.
10:52 of 1st period - Shot Blocked by Olli Juolevi.
10:56 of 1st period - Wrist shot by Joel Farabee.
10:56 of 1st period - Shot Misses the Net.
11:04 of 1st period - Snap shot by Martin Necas.
11:04 of 1st period - Stopped by Felix Sanstrom without a rebound.
11:05 of 1st period - Matthew Highmore wins face-off versus Josh Norris in Admirals zone.
12:11 of 1st period - Snap shot by Mathieu Olivier.
12:11 of 1st period - Goal by Mathieu Olivier - Admirals : 0 - Marlies : 1.
12:12 of 1st period - Josh Norris wins face-off versus Matthew Highmore in neutral zone.
13:43 of 1st period - Wrist shot by Martin Necas.
13:43 of 1st period - Stopped by Felix Sanstrom with a rebound.
14:17 of 1st period - Slapshot by Alex Formenton.
14:17 of 1st period - Stopped by Felix Sanstrom with a rebound.
15:04 of 1st period - Icing by Sean Durzi.
15:05 of 1st period - Isac Lundestrom wins face-off versus Josh Norris in Admirals zone.
15:18 of 1st period - Wrist shot by Nolan Vesey.
15:18 of 1st period - Stopped by Logan Thompson with a rebound.
15:20 of 1st period - Wrist shot by Christian Djoos.
15:20 of 1st period - Shot Blocked by Pierre-Olivier Joseph.
15:26 of 1st period - Wrist shot by Nolan Vesey.
15:26 of 1st period - Stopped by Logan Thompson without a rebound.
15:27 of 1st period - Aleksi Saarela wins face-off versus Lucas Wallmark in Marlies zone.
15:39 of 1st period - Minor Penalty to Mark McNeill for Cross-checking.
15:40 of 1st period - Lucas Wallmark wins face-off versus Tyler Benson in Admirals zone.
15:50 of 1st period - Slapshot by Mathieu Joseph.
15:50 of 1st period - Deflect By Lucas Wallmark.
15:50 of 1st period - Goal by Lucas Wallmark - Admirals : 1 - Marlies : 1.
15:51 of 1st period - Lucas Wallmark wins face-off versus Aleksi Saarela in neutral zone.
15:56 of 1st period - Aleksi Saarela is hit by Lucas Wallmark.
16:22 of 1st period - Reilly Walsh is hit by Mathieu Olivier and loses puck.
16:39 of 1st period - Snap shot by Riley Barber.
16:39 of 1st period - Shot Misses the Net.
17:39 of 1st period - Penalty to Mark McNeill is over, Mark McNeill is back on ice.
17:56 of 1st period - Jakob Forsbacka-Karlsson is hit by Sean Durzi.
19:09 of 1st period - Minor Penalty to Isac Lundestrom for Tripping.
19:10 of 1st period - Aleksi Saarela wins face-off versus Josh Norris in Marlies zone.
19:21 of 1st period - Wrist shot by Mathieu Joseph.
19:21 of 1st period - Shot Misses the Net.
19:23 of 1st period - Snap shot by Reilly Walsh.
19:23 of 1st period - Stopped by Logan Thompson with a rebound.
19:25 of 1st period - Snap shot by Nolan Vesey.
19:25 of 1st period - Stopped by Logan Thompson with a rebound.
19:35 of 1st period - Tyler Benson is hit by Hunter Shinkaruk and loses puck.
Goals for this period are 1 for Admirals vs 1 for Marlies.
Shots for this period are 7 for Admirals vs 8 for Marlies.

2nd period


0:01 of 2nd period - Josh Norris wins face-off versus Aleksi Saarela in neutral zone.
1:00 of 2nd period - Nolan Vesey is hit by Mathieu Olivier and loses puck.
1:09 of 2nd period - Penalty to Isac Lundestrom is over, Isac Lundestrom is back on ice.
1:21 of 2nd period - Slapshot by Rasmus Dahlin.
1:21 of 2nd period - Deflect By Jakob Forsbacka-Karlsson.
1:21 of 2nd period - Stopped by Felix Sanstrom without a rebound.
1:22 of 2nd period - Jakob Forsbacka-Karlsson wins face-off versus Ryan Olsen in Admirals zone.
1:40 of 2nd period - Off-side.
1:41 of 2nd period - Isac Lundestrom wins face-off versus Josh Norris in neutral zone.
1:46 of 2nd period - Slapshot by Rasmus Dahlin.
1:46 of 2nd period - Shot Blocked by Reilly Walsh.
1:57 of 2nd period - Wrist shot by Nolan Vesey.
1:57 of 2nd period - Deflect By Josh Norris.
1:57 of 2nd period - Shot Misses the Net.
1:57 of 2nd period - Puck is out of play.
1:58 of 2nd period - Aleksi Saarela wins face-off versus Lucas Wallmark in Marlies zone.
2:00 of 2nd period - Martin Necas is hit by Mark McNeill and loses puck.
2:07 of 2nd period - Snap shot by Rasmus Dahlin.
2:07 of 2nd period - Stopped by Felix Sanstrom with a rebound.
2:09 of 2nd period - Snap shot by Martin Necas.
2:09 of 2nd period - Shot Misses the Net.
2:41 of 2nd period - Off-side.
2:42 of 2nd period - Isac Lundestrom wins face-off versus Ruslan Iskhakov in neutral zone.
3:20 of 2nd period - Wrist shot by Nolan Vesey.
3:20 of 2nd period - Shot Blocked by Rasmus Dahlin.
3:34 of 2nd period - Snap shot by Mark McNeill.
3:34 of 2nd period - Shot Blocked by Tyler Benson.
3:54 of 2nd period - Slapshot by Pierre-Olivier Joseph.
3:54 of 2nd period - Shot Blocked by Carl Dahlstrom.
4:02 of 2nd period - Slapshot by Ryan Olsen.
4:02 of 2nd period - Stopped by Logan Thompson without a rebound.
4:03 of 2nd period - Aleksi Saarela wins face-off versus Josh Norris in Marlies zone.
4:32 of 2nd period - Off-side.
4:33 of 2nd period - Isac Lundestrom wins face-off versus Lucas Wallmark in neutral zone.
4:36 of 2nd period - Snap shot by Alex Formenton.
4:36 of 2nd period - Goal by Alex Formenton - Admirals : 1 - Marlies : 2.
4:37 of 2nd period - Josh Norris wins face-off versus Aleksi Saarela in neutral zone.
4:40 of 2nd period - Pierre-Olivier Joseph is hit by Nolan Vesey and loses puck.
4:49 of 2nd period - Slapshot by Rasmus Dahlin.
4:49 of 2nd period - Deflect By Aleksi Saarela.
4:49 of 2nd period - Stopped by Felix Sanstrom without a rebound.
4:50 of 2nd period - Nolan Vesey wins face-off versus Aleksi Saarela in Admirals zone.
5:00 of 2nd period - Snap shot by Joel Farabee.
5:00 of 2nd period - Stopped by Felix Sanstrom with a rebound.
5:02 of 2nd period - Slapshot by Rasmus Dahlin.
5:02 of 2nd period - Stopped by Felix Sanstrom without a rebound.
5:03 of 2nd period - Josh Norris wins face-off versus Aleksi Saarela in Admirals zone.
5:03 of 2nd period - Josh Norris is hit by Martin Necas.
5:19 of 2nd period - Slapshot by Mathieu Joseph.
5:19 of 2nd period - Shot Misses the Net.
5:37 of 2nd period - Snap shot by Hunter Shinkaruk.
5:37 of 2nd period - Shot Hit the Post.
5:59 of 2nd period - Olli Juolevi is hit by Mathieu Olivier and loses puck.
6:26 of 2nd period - Slapshot by Otto Koivula.
6:26 of 2nd period - Deflect By Jonathan Davidsson.
6:26 of 2nd period - Shot Misses the Net.
6:26 of 2nd period - Puck is out of play.
6:27 of 2nd period - Matthew Highmore wins face-off versus Mathieu Joseph in Admirals zone.
6:40 of 2nd period - Snap shot by Tyler Benson.
6:40 of 2nd period - Stopped by Felix Sanstrom without a rebound.
6:41 of 2nd period - Josh Norris wins face-off versus Matthew Highmore in Admirals zone.
6:48 of 2nd period - Slapshot by Ian Mitchell.
6:48 of 2nd period - Deflect By Josh Norris.
6:48 of 2nd period - Stopped by Logan Thompson with a rebound.
7:35 of 2nd period - Kole Sherwood is hit by Kasper Bjorkqvist and loses puck.
7:36 of 2nd period - Kole Sherwood from Marlies is injured at 7:36 of 2nd period (Right Wrist).
7:37 of 2nd period - Josh Norris wins face-off versus Aleksi Saarela in Marlies zone.
7:48 of 2nd period - Snap shot by Joel Farabee.
7:48 of 2nd period - Stopped by Felix Sanstrom with a rebound.
7:50 of 2nd period - Slapshot by Aleksi Saarela.
7:50 of 2nd period - Stopped by Felix Sanstrom with a rebound.
8:02 of 2nd period - Reilly Walsh is hit by Isac Lundestrom and loses puck.
8:09 of 2nd period - Slapshot by Lucas Carlsson.
8:09 of 2nd period - Stopped by Felix Sanstrom without a rebound.
8:10 of 2nd period - Lucas Wallmark wins face-off versus Aleksi Saarela in Admirals zone.
8:22 of 2nd period - Off-side.
8:23 of 2nd period - Lucas Wallmark wins face-off versus Joel Farabee in neutral zone.
9:07 of 2nd period - Icing by Pierre-Olivier Joseph.
9:08 of 2nd period - Lucas Wallmark wins face-off versus Mathieu Olivier in Marlies zone.
9:09 of 2nd period - Slapshot by Mark McNeill.
9:09 of 2nd period - Stopped by Logan Thompson without a rebound.
9:10 of 2nd period - Martin Necas wins face-off versus Lucas Wallmark in Marlies zone.
9:20 of 2nd period - Off-side.
9:21 of 2nd period - Aleksi Saarela wins face-off versus Josh Norris in neutral zone.
9:24 of 2nd period - Slapshot by Rasmus Dahlin.
9:24 of 2nd period - Deflect By Mathieu Joseph.
9:24 of 2nd period - Stopped by Felix Sanstrom with a rebound.
9:30 of 2nd period - Slapshot by Ian Mitchell.
9:30 of 2nd period - Stopped by Logan Thompson without a rebound.
9:31 of 2nd period - Aleksi Saarela wins face-off versus Josh Norris in Marlies zone.
9:38 of 2nd period - Reilly Walsh is hit by Martin Necas and loses puck.
10:03 of 2nd period - Nolan Vesey is hit by Aleksi Saarela and loses puck.
10:20 of 2nd period - Snap shot by Nolan Vesey.
10:20 of 2nd period - Stopped by Logan Thompson without a rebound.
10:21 of 2nd period - Lucas Wallmark wins face-off versus Matthew Highmore in Marlies zone.
10:30 of 2nd period - Wrist shot by Lucas Wallmark.
10:30 of 2nd period - Deflect By Pavol Regenda.
10:30 of 2nd period - Shot Misses the Net.
10:30 of 2nd period - Puck is out of play.
10:31 of 2nd period - Matthew Highmore wins face-off versus Lucas Wallmark in Marlies zone.
11:03 of 2nd period - Snap shot by Olli Juolevi.
11:03 of 2nd period - Shot Misses the Net.
11:05 of 2nd period - Snap shot by Mark McNeill.
11:05 of 2nd period - Goal by Mark McNeill - Admirals : 2 - Marlies : 2.
11:06 of 2nd period - Josh Norris wins face-off versus Aleksi Saarela in neutral zone.
11:17 of 2nd period - Slapshot by Pierre-Olivier Joseph.
11:17 of 2nd period - Shot Misses the Net.
11:19 of 2nd period - Wrist shot by Aleksi Saarela.
11:19 of 2nd period - Stopped by Felix Sanstrom without a rebound.
11:20 of 2nd period - Matthew Highmore wins face-off versus Lucas Wallmark in Admirals zone.
11:21 of 2nd period - Wrist shot by Tyler Benson.
11:21 of 2nd period - Deflect By Matthew Highmore.
11:21 of 2nd period - Shot Blocked by Lucas Wallmark.
11:21 of 2nd period - Puck is out of play.
11:22 of 2nd period - Matthew Highmore wins face-off versus Lucas Wallmark in Admirals zone.
11:56 of 2nd period - Wrist shot by Lucas Wallmark.
11:56 of 2nd period - Stopped by Logan Thompson without a rebound.
11:57 of 2nd period - Joel Farabee wins face-off versus Josh Norris in Marlies zone.
11:57 of 2nd period - Joel Farabee is hit by Josh Norris.
12:03 of 2nd period - Wrist shot by Martin Necas.
12:03 of 2nd period - Stopped by Felix Sanstrom without a rebound.
12:04 of 2nd period - Josh Norris wins face-off versus Aleksi Saarela in Admirals zone.
12:04 of 2nd period - Josh Norris is hit by Martin Necas.
12:30 of 2nd period - Snap shot by Mark McNeill.
12:30 of 2nd period - Shot Misses the Net.
13:04 of 2nd period - Kasper Bjorkqvist is hit by Isac Lundestrom and loses puck.
13:55 of 2nd period - Snap shot by Riley Barber.
13:55 of 2nd period - Goal by Riley Barber - Admirals : 3 - Marlies : 2.
13:56 of 2nd period - Aleksi Saarela wins face-off versus Josh Norris in neutral zone.
14:08 of 2nd period - Minor Penalty to Olli Juolevi for Hooking.
14:09 of 2nd period - Aleksi Saarela wins face-off versus Lucas Wallmark in Admirals zone.
14:29 of 2nd period - Tyler Benson is hit by Mathieu Joseph and loses puck.
14:58 of 2nd period - Wrist shot by Hunter Shinkaruk.
14:58 of 2nd period - Shot Hit the Post.
15:00 of 2nd period - Slapshot by Carl Dahlstrom.
15:00 of 2nd period - Shot Misses the Net.
15:16 of 2nd period - Tyler Benson is hit by Christian Djoos and loses puck.
15:41 of 2nd period - Martin Necas is hit by Lucas Wallmark.
15:42 of 2nd period - Icing by Martin Necas.
15:43 of 2nd period - Lucas Wallmark wins face-off versus Martin Necas in Marlies zone.
16:00 of 2nd period - Alex Formenton is hit by Reilly Walsh and loses puck.
16:08 of 2nd period - Penalty to Olli Juolevi is over, Olli Juolevi is back on ice.
16:33 of 2nd period - Riley Barber is hit by Rasmus Dahlin and loses puck.
16:50 of 2nd period - Martin Necas is hit by Olli Juolevi.
17:06 of 2nd period - Dennis Gilbert is hit by Kasper Bjorkqvist.
17:30 of 2nd period - Christian Djoos is hit by Otto Koivula and loses puck.
17:45 of 2nd period - Nolan Vesey is hit by Martin Necas and loses puck.
18:38 of 2nd period - Icing by Hunter Shinkaruk.
18:39 of 2nd period - Isac Lundestrom wins face-off versus Josh Norris in Admirals zone.
18:52 of 2nd period - Wrist shot by Mathieu Joseph.
18:52 of 2nd period - Stopped by Logan Thompson with a rebound.
18:54 of 2nd period - Wrist shot by Josh Norris.
18:54 of 2nd period - Shot Misses the Net.
19:28 of 2nd period - Slapshot by Pierre-Olivier Joseph.
19:28 of 2nd period - Stopped by Felix Sanstrom without a rebound.
19:29 of 2nd period - Josh Norris wins face-off versus Aleksi Saarela in Admirals zone.
19:42 of 2nd period - Snap shot by Joel Farabee.
19:42 of 2nd period - Stopped by Felix Sanstrom without a rebound.
19:43 of 2nd period - Matthew Highmore wins face-off versus Josh Norris in Admirals zone.
19:50 of 2nd period - Snap shot by Tyler Benson.
19:50 of 2nd period - Stopped by Felix Sanstrom without a rebound.
19:51 of 2nd period - Josh Norris wins face-off versus Matthew Highmore in Admirals zone.
19:58 of 2nd period - Snap shot by Matthew Highmore.
19:58 of 2nd period - Shot Misses the Net.
Goals for this period are 2 for Admirals vs 1 for Marlies.
Shots for this period are 9 for Admirals vs 16 for Marlies.

3rd period


0:01 of 3rd period - Josh Norris wins face-off versus Joel Farabee in neutral zone.
0:03 of 3rd period - Minor Penalty to Ian Mitchell for Roughing.
0:04 of 3rd period - Aleksi Saarela wins face-off versus Lucas Wallmark in Admirals zone.
1:49 of 3rd period - Nolan Vesey is hit by Alex Formenton and loses puck.
2:03 of 3rd period - Penalty to Ian Mitchell is over, Ian Mitchell is back on ice.
2:06 of 3rd period - Snap shot by Mark McNeill.
2:06 of 3rd period - Goal by Mark McNeill - Admirals : 4 - Marlies : 2.
2:06 of 3rd period - Maxime Lagace enters game.
2:07 of 3rd period - Jakob Forsbacka-Karlsson wins face-off versus Josh Norris in neutral zone.
2:12 of 3rd period - Slapshot by Rasmus Dahlin.
2:12 of 3rd period - Stopped by Felix Sanstrom with a rebound.
2:22 of 3rd period - Slapshot by Tobias Bjornfot.
2:22 of 3rd period - Deflect By Pierre-Olivier Joseph.
2:22 of 3rd period - Stopped by Maxime Lagace without a rebound.
2:23 of 3rd period - Aleksi Saarela wins face-off versus Lucas Wallmark in Marlies zone.
2:32 of 3rd period - Snap shot by Joel Farabee.
2:32 of 3rd period - Shot Blocked by Mark McNeill.
2:48 of 3rd period - Josh Norris is hit by Mathieu Olivier and loses puck.
3:09 of 3rd period - Kasper Bjorkqvist is hit by Pierre-Olivier Joseph and loses puck.
3:29 of 3rd period - Off-side.
3:30 of 3rd period - Aleksi Saarela wins face-off versus Ryan Olsen in neutral zone.
3:57 of 3rd period - Minor Penalty to Keaton Thompson for Tripping.
3:58 of 3rd period - Mathieu Joseph wins face-off versus Aleksi Saarela in Marlies zone.
4:24 of 3rd period - Rasmus Dahlin is hit by Mark McNeill and loses puck.
5:57 of 3rd period - Penalty to Keaton Thompson is over, Keaton Thompson is back on ice.
6:15 of 3rd period - Keaton Thompson is hit by Olli Juolevi and loses puck.
7:18 of 3rd period - Christian Djoos is hit by Joel Farabee and loses puck.
7:41 of 3rd period - Christian Djoos is hit by Matthew Highmore and loses puck.
7:51 of 3rd period - Icing by Keaton Thompson.
7:52 of 3rd period - Isac Lundestrom wins face-off versus Josh Norris in Marlies zone.
7:57 of 3rd period - Wrist shot by Alex Formenton.
7:57 of 3rd period - Shot Misses the Net.
7:59 of 3rd period - Backhand shot by Alex Formenton.
7:59 of 3rd period - Stopped by Felix Sanstrom with a rebound.
8:03 of 3rd period - Snap shot by Martin Necas.
8:03 of 3rd period - Stopped by Felix Sanstrom with a rebound.
8:17 of 3rd period - Slapshot by Pierre-Olivier Joseph.
8:17 of 3rd period - Deflect By Jakob Forsbacka-Karlsson.
8:17 of 3rd period - Stopped by Felix Sanstrom without a rebound.
8:18 of 3rd period - Martin Necas wins face-off versus Lucas Wallmark in Admirals zone.
8:35 of 3rd period - Off-side.
8:36 of 3rd period - Matthew Highmore wins face-off versus Josh Norris in neutral zone.
9:02 of 3rd period - Reilly Walsh is hit by Aleksi Saarela and loses puck.
9:23 of 3rd period - Slapshot by Alex Formenton.
9:23 of 3rd period - Shot Misses the Net.
9:25 of 3rd period - Snap shot by Alex Formenton.
9:25 of 3rd period - Shot Misses the Net.
9:27 of 3rd period - Snap shot by Otto Koivula.
9:27 of 3rd period - Shot Misses the Net.
9:29 of 3rd period - Slapshot by Isac Lundestrom.
9:29 of 3rd period - Stopped by Felix Sanstrom without a rebound.
9:30 of 3rd period - Josh Norris wins face-off versus Aleksi Saarela in Admirals zone.
9:47 of 3rd period - Lucas Carlsson is hit by Nolan Vesey.
10:01 of 3rd period - Slapshot by Mathieu Olivier.
10:01 of 3rd period - Stopped by Felix Sanstrom without a rebound.
10:02 of 3rd period - Matthew Highmore wins face-off versus Lucas Wallmark in Admirals zone.
10:07 of 3rd period - Slapshot by Rasmus Dahlin.
10:07 of 3rd period - Stopped by Felix Sanstrom without a rebound.
10:08 of 3rd period - Lucas Wallmark wins face-off versus Aleksi Saarela in Admirals zone.
10:17 of 3rd period - Snap shot by Olli Juolevi.
10:17 of 3rd period - Deflect By Lucas Wallmark.
10:17 of 3rd period - Shot Misses the Net.
10:17 of 3rd period - Puck is out of play.
10:18 of 3rd period - Nolan Vesey wins face-off versus Aleksi Saarela in Marlies zone.
11:23 of 3rd period - Slapshot by Otto Koivula.
11:23 of 3rd period - Stopped by Felix Sanstrom with a rebound.
11:25 of 3rd period - Slapshot by Alex Formenton.
11:25 of 3rd period - Shot Misses the Net.
12:07 of 3rd period - Snap shot by Mathieu Olivier.
12:07 of 3rd period - Stopped by Felix Sanstrom without a rebound.
12:08 of 3rd period - Lucas Wallmark wins face-off versus Isac Lundestrom in Admirals zone.
12:13 of 3rd period - Snap shot by Lucas Wallmark.
12:13 of 3rd period - Stopped by Maxime Lagace without a rebound.
12:14 of 3rd period - Lucas Wallmark wins face-off versus Isac Lundestrom in Marlies zone.
12:53 of 3rd period - Wrist shot by Pavol Regenda.
12:53 of 3rd period - Stopped by Maxime Lagace without a rebound.
12:54 of 3rd period - Aleksi Saarela wins face-off versus Josh Norris in Marlies zone.
13:07 of 3rd period - Slapshot by Ian Mitchell.
13:07 of 3rd period - Shot Blocked by Joel Farabee.
13:09 of 3rd period - Snap shot by Josh Norris.
13:09 of 3rd period - Stopped by Maxime Lagace with a rebound.
13:19 of 3rd period - Kasper Bjorkqvist is hit by Keaton Thompson and loses puck.
13:30 of 3rd period - Slapshot by Matthew Highmore.
13:30 of 3rd period - Shot Blocked by Reilly Walsh.
13:32 of 3rd period - Snap shot by Matthew Highmore.
13:32 of 3rd period - Stopped by Felix Sanstrom with a rebound.
13:44 of 3rd period - Ian Mitchell is hit by Otto Koivula and loses puck.
13:53 of 3rd period - Slapshot by Pierre-Olivier Joseph.
13:53 of 3rd period - Deflect By Ian Mitchell.
13:53 of 3rd period - Stopped by Felix Sanstrom with a rebound.
14:07 of 3rd period - Wrist shot by Mathieu Joseph.
14:07 of 3rd period - Stopped by Maxime Lagace with a rebound.
14:13 of 3rd period - Wrist shot by Nolan Vesey.
14:13 of 3rd period - Shot Blocked by Martin Necas.
14:35 of 3rd period - Rasmus Dahlin is hit by Tobias Bjornfot.
14:49 of 3rd period - Slapshot by Olli Juolevi.
14:49 of 3rd period - Stopped by Maxime Lagace with a rebound.
15:49 of 3rd period - Mark McNeill is hit by Aleksi Saarela and loses puck.
16:26 of 3rd period - Wrist shot by Isac Lundestrom.
16:26 of 3rd period - Shot Misses the Net.
17:07 of 3rd period - Keaton Thompson is hit by Reilly Walsh and loses puck.
17:57 of 3rd period - Wrist shot by Hunter Shinkaruk.
17:57 of 3rd period - Deflect By Ruslan Iskhakov.
17:57 of 3rd period - Shot Misses the Net.
17:57 of 3rd period - Puck is out of play.
17:58 of 3rd period - Jonathan Davidsson wins face-off versus Ruslan Iskhakov in Marlies zone.
Goals for this period are 1 for Admirals vs 0 for Marlies.
Shots for this period are 7 for Admirals vs 11 for Marlies.